 Dungeon Crawl Stone Soup version 0.27.1 (webtiles) character file.

Game seed: 5385089561127707638

147 Kangaroobicon the Skirmisher (level 5, -1/46 HPs)
             Began as a Draconian Berserker on Sept 4, 2021.
             Was a Priest of Trog.
             Slain by a phantom (4 damage)
             ... on level 4 of the Dungeon.
             The game lasted 00:32:11 (2593 turns).

Kangaroobicon the Skirmisher (Draconian Berserker)  Turns: 2593, Time: 00:32:12

Health: -1/46      AC:  6    Str: 19    XL:     5   Next: 8%
Magic:  5/5        EV: 13    Int:  7    God:    Trog [***...]
Gold:   53         SH:  0    Dex: 12    Spells: 4/4 levels left

rFire    . . .     SeeInvis .   n - +0 war axe
rCold    + . .     Faith    .   (no shield)
rNeg     . . .     Spirit   .   (armour unavailable)
rPois    +         Reflect  .   (helmet restricted)
rElec    .         Harm     .   f - +0 cloak
rCorr    .         Rampage  .   (no gloves)
Will     .....                  (no boots)
Stlth    +.........             (no amulet)
HPRegen  0.15/turn              t - ring of protection from cold
MPRegen  0.09/turn              q - ring of poison resistance

@: no status effects
A: AC +5, unfitting armour, cold-blooded, mutation resistance 1, wild magic 1
a: Renounce Religion, Berserk, Trog's Hand


You were on level 4 of the Dungeon.
You worshipped Trog.
Trog was most pleased with you.
You visited 1 branch of the dungeon, and saw 4 of its levels.
You also visited: Ossuary.

You collected 53 gold pieces.

Inventory:

Hand Weapons
 a - a +0 mace
 e - a +2 dagger of draining
 j - a +0 hunting sling
 n - a +0 war axe (weapon)
Missiles
 c - 22 poisoned darts (quivered)
 g - 90 stones
 h - 9 boomerangs
 m - 44 sling bullets
 r - 38 arrows
 y - a throwing net
Armour
 f - a +0 cloak (worn)
Jewellery
 k - a ring of wizardry
 q - a ring of poison resistance (right hand)
 t - a ring of protection from cold (left hand)
Scrolls
 o - a scroll of magic mapping {unknown}
 p - a scroll of immolation {unknown}
 s - 2 scrolls of identify {unknown}
 v - a scroll of vulnerability {unknown}
 w - a scroll of enchant weapon {unknown}
Potions
 b - a potion of brilliance {unknown}
 d - 3 potions of curing {unknown}
 i - 2 potions of might {unknown}
 l - 3 potions of mutation
 u - a potion of degeneration {unknown}
 x - 2 potions of heal wounds {unknown}
 z - a potion of lignification {unknown}


   Skills:
 + Level 3.9 Fighting
 + Level 1.1 Short Blades
 + Level 1.6(3.0) Axes
 + Level 3.8(4.0) Maces & Flails
 + Level 0.1(0.5) Slings
 + Level 0.9(1.0) Throwing
 + Level 3.4 Dodging
 + Level 0.4 Stealth


You had 4 spell levels left.
You didn't know any spells.
Your spell library was empty.

Dungeon Overview and Level Annotations

Branches:
Dungeon (4/15)            Ossuary (visited)
 Temple: D:4-7

Altars:
Hepliaklqana
Xom


Innate Abilities, Weirdness & Mutations

Your plain brown scales are hard. (AC +5)
You cannot fit into any form of body armour.
You are cold-blooded and may be slowed by cold attacks.
You are somewhat resistant to further mutation.
Your spells are a little harder to cast, but a little more powerful.


Message History

You tail-slap the phantom, but do no damage.
The phantom is severely damaged.
The phantom misses you. The phantom completely misses you.
You hit the phantom.
Your tail-slap misses the phantom.
The phantom is severely damaged.
The phantom misses you.
You hit the phantom.
Your tail-slap misses the phantom.
The phantom is almost destroyed.
The phantom hits you but does no damage.
You closely miss the phantom.
The phantom is almost destroyed.
You hit the gnoll. The phantom closely misses you. The gnoll barely misses you.
The phantom barely misses you.
You barely miss the phantom.
The phantom is severely damaged.
You hit the gnoll. The gnoll hits you with a +0 whip. The phantom hits you.
* * * LOW HITPOINT WARNING * * *
The phantom blinks!
You blink.
An endoplasm comes into view.
Found a hazy altar of Hepliaklqana.
You closely miss the phantom.
The phantom is severely damaged.
The helpless endoplasm fails to defend itself.
You hit the endoplasm. The phantom hits you!
* * * LOW HITPOINT WARNING * * *
The endoplasm hits you.
* * * LOW HITPOINT WARNING * * *
It was a potion of mutation.
You feel extremely strange.
You feel less in control of your magic.
You feel genetically stable. The phantom completely misses you.
The endoplasm hits you but does no damage.
You barely miss the endoplasm. You tail-slap the endoplasm.
The endoplasm is moderately wounded.
You miss the phantom.
The phantom hits you but does no damage.
The endoplasm freezes you.
You are frozen.
You resist.
* * * LOW HITPOINT WARNING * * *
The phantom hits you.
You die...

# #...... .#
#.....# ####.
...... ...
....#.###W#
...#....@#
..#..g.J# #
########.#.....#
##...##...ยง#g###.#
......#..g........
.....<+....#######
......#.....
###..##.>.##
...####...#######


You could see a phantom, 2 gnolls and an endoplasm.

Vanquished Creatures
  A mummy (Ossuary)
  4 adders
  3 dart slugs
  A spectral bat (Ossuary)
  3 endoplasms
  A giant cockroach (D:2)
  4 goblins
  4 hobgoblins (D:1)
  6 jackals
  2 quokkas
  2 ball pythons
  A bat (D:3)
  4 bat simulacra (Ossuary)
  12 gnoll zombies (Ossuary)
  3 goblin simulacra (Ossuary)
  6 goblin zombies (Ossuary)
  11 kobolds
  8 kobold simulacra (Ossuary)
  6 kobold zombies (Ossuary)
  6 orc zombies (Ossuary)
  4 rats
  2 rat simulacra (Ossuary)
  3 spectral goblins (Ossuary)
  2 spectral kobolds (Ossuary)
  3 spectral rats (Ossuary)
102 creatures vanquished.

Notes
Turn   | Place    | Note
-------+----------+-------------------------------------------
     0 | D:1      | Kangaroobicon the Draconian Berserker began the quest for
                  | the Orb.
     0 | D:1      | Reached XP level 1. HP: 19/19 MP: 1/1
    58 | D:1      | Found a faded altar of an unknown god.
   418 | D:1      | Reached XP level 2. HP: 26/26 MP: 2/2
  1075 | D:2      | Reached XP level 3. HP: 29/31 MP: 3/3
  1524 | D:3      | Reached ** piety under Trog
  1714 | D:3      | Found a shimmering altar of Xom.
  1746 | D:3      | Reached XP level 4. HP: 40/40 MP: 4/4
  1926 | D:4      | Found a sand-covered staircase.
  1946 | D:4      | Reached skill level 1 in Short Blades
  1957 | Ossuary  | Entered an ossuary
  2060 | Ossuary  | Reached *** piety under Trog
  2197 | Ossuary  | Reached skill level 1 in Axes
  2228 | Ossuary  | Reached XP level 5. HP: 18/46 MP: 5/5
  2569 | D:4      | Noticed a phantom
  2590 | D:4      | Found a hazy altar of Hepliaklqana.
  2592 | D:4      | Gained mutation: Your spells are a little harder to cast,
                  | but a little more powerful. [potion of mutation]
  2592 | D:4      | Gained mutation: You are somewhat resistant to further
                  | mutation. [potion of mutation]
  2593 | D:4      | Slain by a phantom

Illustrated notes

Levels and vault maps discovered:
D:1:      giann_horns, layout_basic, hellmonk_ecumenical_altar_prayer_group
D:2:      layout_rooms, minmay_goblin_kobold_house
D:3:      layout_loops_ring, mainiacjoe_overflow_chevrons
D:4:      minmay_skewed_foursquare, layout_gridville,
          mainiacjoe_overflow_cross_hatched, nicolae_ossuary_entry_ruins,
          minmay_misc_feat_more_columns

Skill      XL: |  1  2  3  4 |
---------------+-------------+-----
Dodging        | 3 |  3.4
Short Blades   | 1 |  1.1
Axes           | 1 |  1.6
Fighting       | |  3.9
Maces & Flails | |  3.8
Slings         | |  0.1
Throwing       | |  0.9
Stealth        | |  0.4

Action                   |  1- 3 |  4- 6 || total
-------------------------+-------+-------++-------
Melee: Mace              |    39 |       ||    39
       Tailslap          |     9 |    20 ||    29
       Dagger            |    65 |     9 ||    74
       War axe           |       |   146 ||   146
 Fire: Hunting sling     |       |     6 ||     6
Throw: Dart              |    22 |     4 ||    26
  Use: Potion            |       |     1 ||     1
 Stab: Sleeping          |     1 |     1 ||     2
Armor: Skin              |    38 |    41 ||    79
Dodge: Dodged            |    73 |   102 ||   175
